 Dungeon Crawl Stone Soup version 0.31-a0-473-g61b50ae490 (webtiles) character file.

Game seed: 14902246143450472483

1722950 motkurizz the Wrestler (level 27, 254/254 HPs)
             Began as a Ghoul Monk on Aug 6, 2023.
             Was a High Priest of Okawaru.
             Escaped with the Orb
             ... and 3 runes!
             The game lasted 03:55:21 (66523 turns).

motkurizz the Wrestler (Ghoul Monk)                Turns: 66523, Time: 03:55:21

Health: 254/254    AC: 38    Str: 38    XL:     27
Magic:  34/34      EV: 19    Int:  5    God:    Okawaru [*****.]
Gold:   3020       SH: 29    Dex: 11    Spells: 26/26 levels left

rFire   + +          .
                       - Unarmed
rCold   + + +        C - +8 tower shield {AC+3}
rNeg    + + +        e - +6 gold dragon scales
rPois   ∞            n - -2 hat of the Alchemist {rElec rPois rF+ rC+ rN+ Will+ rMut rCorr}
rElec   +            u - scarf {repulsion}
rCorr   +            m - +1 pair of gloves of Hoguirph {rPois Str+3}
SInv    .            s - +2 pair of boots {rampage}
Will    +++..        D - amulet of faith Stlth
                     i - +5 ring of evasion
HPRegen 0.62/turn    M - +6 ring of strength
MPRegen 0.24/turn

%: repel missiles, resist mutation, rampage, faith
@: no status effects
A: claws 1, cold resistance 1, negative energy resistance 3, inhibited
regeneration, torment resistance 2, devour on kill
0: Orb of Zot
}: 3/15 runes: barnacled, silver, gossamer
a: Renounce Religion, Heroism, Finesse, Duel


You escaped.
You worshipped Okawaru.
Okawaru was extremely pleased with you.
You visited 12 branches of the dungeon, and saw 51 of its levels.
You also visited: Ice Cave.

You collected 7262 gold pieces.
You spent 4242 gold pieces at shops.

Inventory:

Missiles
 d - 42 poisoned darts (quivered)
 q - 8 datura-tipped darts
 E - 2 throwing nets
Armour
 e - +6 gold dragon scales (worn)
 m - the +1 pair of gloves of Hoguirph (worn) {rPois Str+3}
   (You acquired it on level 3 of the Lair of Beasts)

   Str:       It affects your strength (+3).
   rPois:     It protects you from poison.
 n - the -2 hat of the Alchemist (worn) {rElec rPois rF+ rC+ rN+ Will+ rMut rCorr}
   (You found it on level 4 of the Spider Nest)

   rF:        It protects you from fire.
   rC:        It protects you from cold.
   rElec:     It insulates you from electricity.
   rPois:     It protects you from poison.
   rN:        It protects you from negative energy.
   rCorr:     It protects you from acid and corrosion.
   rMut:      It protects you from mutation.
   Will:      It increases your willpower.
 r - +4 fire dragon scales {Xtahua}
 s - a +2 pair of boots of rampaging (worn)
 u - a scarf of repulsion (worn)
 x - the +10 plate armour of Greater Demons {rElec Str+5}
   (Okawaru gifted it to you on level 2 of the Depths)

   Str:       It affects your strength (+5).
   rElec:     It insulates you from electricity.
 y - the +4 tower shield of Lilacs {Drain rElec rN+ Regen+}
   (Okawaru gifted it to you on level 1 of the Spider Nest)

   rElec:     It insulates you from electricity.
   rN:        It protects you from negative energy.
   Regen:     It increases your rate of health regeneration.
   Drain:     It drains your maximum health when unequipped.
 C - a +8 tower shield of protection (worn)
 N - the +0 crystal plate armour of Hide-and-Seek {rElec Will+ SInv Stlth-}
   (Okawaru gifted it to you on level 4 of the Lair of Beasts)

   rElec:     It insulates you from electricity.
   SInv:      It lets you see invisible.
   Will:      It increases your willpower.
   Stlth:     It makes you less stealthy.
Jewellery
 c - a ring of resist corrosion
 i - a +5 ring of evasion (left hand)
 p - a ring of see invisible
 t - an amulet of regeneration
 w - a +4 ring of protection
 D - an amulet of faith (around neck)
 G - a ring of protection from fire
 M - a +6 ring of strength (right hand)
 X - the ring of Jemi {Fly rN+ Will+ rCorr}
   (You took it off a deep elf annihilator on level 3 of the Elven Halls)

   [ring of positive energy]

   rN:        It protects you from negative energy.
   Fly:       It grants you flight.
   rCorr:     It protects you from acid and corrosion.
   Will:      It increases your willpower.
Wands
 B - a wand of mindburst (41)
 J - a wand of roots (36)
 K - a wand of flame (113)
 O - a wand of light (25)
 Q - a wand of digging (17)
Scrolls
 f - 7 scrolls of revelation
 j - 13 scrolls of immolation
 k - 4 scrolls of fog
 l - 5 scrolls of fear
 v - 9 scrolls of teleportation
 H - 3 scrolls of silence
 I - 9 scrolls of poison
 Y - 3 scrolls of torment
Potions
 a - a potion of haste
 b - 11 potions of ambrosia
 h - 7 potions of attraction
 o - 4 potions of invisibility
 z - 7 potions of enlightenment
 A - 6 potions of brilliance
 F - 6 potions of magic
 L - 9 potions of heal wounds
 P - 5 potions of resistance
 S - 6 potions of cancellation
 T - 20 potions of curing
 W - 9 potions of might
Miscellaneous
 g - a tin of tremorstones (2/2)
 V - a lightning rod (4/4)
 Z - a phial of floods


   Skills:
 - Level 22.0 Fighting
 - Level 22.0 Armour
 + Level 19.8 Dodging
 - Level 6.0 Stealth
 - Level 22.0 Shields
 - Level 23.3 Unarmed Combat
 + Level 16.6 Invocations
 - Level 8.0 Evocations


You had 26 spell levels left.
You didn't know any spells.
Your spell library contained the following spells:

 Spells                   Type           Power      Damage    Failure   Level
 Apportation              Tloc           0%         N/A       98%         1
 Foxfire                  Conj/Fire      0%         2x1d4     98%         1
 Freeze                   Ice            0%         1d3       98%         1
 Kiss of Death            Conj/Necr      0%         2d5       98%         1
 Magic Dart               Conj           0%         1d3       98%         1
 Sandblast                Erth           0%         2d4       98%         1
 Shock                    Conj/Air       0%         1d3       98%         1
 Sting                    Tmut/Pois      0%         1d3       98%         1
 Blink                    Tloc           0%         N/A       99%         2
 Cigotuvi's Dreadful Rot  Necr/Pois/Air  0%         N/A       99%         2
 Lesser Beckoning         Tloc           0%         N/A       99%         2
 Momentum Strike          Conj/Tloc      0%         3d8       99%         2
 Passwall                 Tmut/Erth      0%         N/A       99%         2
 Poisonous Vapours        Pois/Air       0%         N/A       99%         2
 Confusing Touch          Hex            0%         N/A       100%        3
 Dazzling Flash           Conj/Hex       0%         N/A       100%        3
 Frozen Ramparts          Ice            0%         1d1       100%        3
 Gell's Gravitas          Tloc           0%         N/A       100%        3
 Hailstorm                Conj/Ice       0%         3d3       100%        3
 Ignite Poison            Fire/Tmut/Pois 0%         N/A       100%        3
 Inner Flame              Hex/Fire       0%         N/A       100%        3
 Mephitic Cloud           Conj/Pois/Air  0%         N/A       100%        3
 Ozocubu's Armour         Ice            0%         N/A       100%        3
 Portal Projectile        Hex/Tloc       0%         N/A       100%        3
 Stone Arrow              Conj/Erth      0%         3d7       100%        3
 Swiftness                Air            0%         N/A       100%        3
 Teleport Other           Tloc           0%         N/A       100%        3
 Airstrike                Air            0%         2d(0-16)  100%        4
 Anguish                  Hex/Necr       0%         N/A       100%        4
 Dispel Undead            Necr           0%         3d6       100%        4
 Flame Wave               Conj/Fire      0%         2d4       100%        4
 Iskenderun's Mystic Bla  Conj/Tloc      0%         2d3       100%        4
 Manifold Assault         Tloc           0%         N/A       100%        4
 Olgreb's Toxic Radiance  Pois           0%         N/A       100%        4
 Petrify                  Tmut/Erth      0%         N/A       100%        4
 Sticky Flame             Conj/Fire      0%         2d3       100%        4
 Agony                    Necr           0%         N/A       100%        5
 Alistair's Intoxication  Tmut/Pois      0%         N/A       100%        5
 Freezing Cloud           Conj/Ice/Air   0%         6-21      100%        5
 Irradiate                Conj/Tmut      0%         3d11      100%        5
 Metabolic Englaciation   Hex/Ice        0%         N/A       100%        5
 Silence                  Hex/Air        0%         N/A       100%        5
 Conjure Ball Lightning   Conj/Air       0%         3x3d6     100%        6
 Dispersal                Tloc           0%         N/A       100%        6
 Eringya's Noxious Bog    Tmut/Pois      0%         4d6       100%        6
 Leda's Unmaking          Conj/Erth      0%         9d1       100%        6
 Plasma Beam              Fire/Air       0%         2x1d10    100%        6
 Starburst                Conj/Fire      0%         6d3       100%        6
 Orb of Destruction       Conj           0%         9d5       100%        7
 Ozocubu's Refrigeration  Ice            0%         4d7       100%        7
 Discord                  Hex            0%         N/A       100%        8
 Disjunction              Tloc           0%         N/A       100%        8
 Ignition                 Fire           0%         3d3       100%        8
 Lehudib's Crystal Spear  Conj/Erth      0%         10d2      100%        8
 Fire Storm               Conj/Fire      0%         5d1       100%        9
 Call Imp                 Summ           Unusable   N/A       N/A         2
 Sublimation of Blood     Necr           Unusable   N/A       N/A         2
 Tukima's Dance           Hex            Unusable   N/A       N/A         3
 Animate Armour           Summ/Erth      Unusable   N/A       N/A         4
 Summon Ice Beast         Ice/Summ       Unusable   N/A       N/A         4
 Summon Forest            Summ/Tloc      Unusable   N/A       N/A         5
 Summon Mana Viper        Hex/Summ       Unusable   N/A       N/A         5
 Death Channel            Necr           Unusable   N/A       N/A         6
 Monstrous Menagerie      Summ           Unusable   N/A       N/A         7
 Summon Hydra             Summ           Unusable   N/A       N/A         7

Dungeon Overview and Level Annotations

Branches:
Dungeon (15/15)            Temple (1/1) D:5            Lair (5/5) D:11
 Shoals (4/4) Lair:2       Spider (4/4) Lair:3        Slime (2/5) Lair:5
    Orc (2/2) D:10            Elf (3/3) Orc:2        Vaults (5/5) D:14
  Crypt (1/3) Vaults:3     Depths (4/4) D:15            Zot (5/5) Depths:4
  IceCv (visited)

Altars:
Ashenzari
Cheibriados
Dithmenos
Fedhas
Gozag
Hepliaklqana
Kikubaaqudgha
Makhleb
Nemelex Xobeh
Okawaru
Qazlal
Ru
Sif Muna
Trog
Uskayaw
Vehumet
Wu Jian
Xom
Yredelemnul

Shops:
D:10 !   D:14 *:(   D:15 [   Orc:2 [*=(   Elf:1 [   Vaults:4 (   Depths:2 (:[(
Depths:3 :=:   Depths:4 *

Portals:
Hell: Depths:1 Depths:2 Depths:3 Depths:4
Abyss: Depths:3
Pandemonium: Depths:2 Depths:3 Depths:4
Ziggurat: Depths:4

Annotations:
D:1 exclusion: downstairs
D:2 Sigmund
D:3 exclusion: downstairs
D:5 exclusion: downstairs
D:8 exclusion: downstairs
D:14 Roxanne
Spider:2 exclusion: downstairs
Spider:3 Nikola
Slime:1 exclusion: downstairs
Elf:3 2 exclusions
Depths:3 exclusion: downstairs
Depths:4 exclusions: angel, daeva and 2 more exclusions
Zot:3 exclusion: 2 downstairs
Zot:5 3 runed translucent doors


Innate Abilities, Weirdness & Mutations

You are immune to poison.
You have sharp fingernails.
Your flesh is cold resistant. (rC+)
You are immune to negative energy. (rN+++)
You do not regenerate when monsters are visible.
You are immune to unholy pain and torment.
You thrive by killing the living.


Message History

(D) Dungeon (T) Temple (L) Lair (A) Shoals (N) Spider Nest (M) Slime Pits (O) Orcish Mines (E) Elven Halls (V) Vaults (C) Crypt (U) Depths (H) Hell (Z) Zot
Where to? (Enter - D:1, ? - help)
A hell beast comes into view.
There is an open door here.
Things that are here:
a +0 leather armour; a +0 hand axe
There is a stone staircase leading up here.
You climb upwards.
Level annotation: Sigmund
There is a stone staircase leading down here.
(D) Dungeon (T) Temple (L) Lair (A) Shoals (N) Spider Nest (M) Slime Pits (O) Orcish Mines (E) Elven Halls (V) Vaults (C) Crypt (U) Depths (H) Hell (Z) Zot
Where to? (Enter - D:1, ? - help)
There is a stone staircase leading up here.
You climb upwards.
Level annotation: exclusion: downstairs
There is a stone staircase leading down here.
There is an open door here.
A cherub comes into view.
It is wielding a +1 scimitar of flaming.
Okay, then.
You enter the shallow water.
Moving in this stuff is going to be slow.
Why would you want to do that?
Blink to where?
Press: ? - help, Dir - move target
As you read the scroll of blinking, it crumbles to dust.
You block the cherub's attack. x2
The cherub unwields a +1 scimitar of flaming.
It stops flaming.
The cherub wields a +0 longbow.
The cherub shoots an arrow.
You block the arrow.
The cherub shoots an arrow.
You block the arrow.
There is a large open door here.
The cherub shoots an arrow.
You block the arrow.
There is a staircase leading out of the dungeon here.
You have escaped!

.....≈≈≈≈≈≈≈≈~≈≈≈≈≈≈≈≈≈≈≈≈≈~...#.
.#...~≈≈≈≈≈≈≈≈≈≈≈≈≈≈≈≈≈≈≈≈~≈)..#.
.#...~≈≈#'#+#≈≈≈≈≈≈≈#'#+#≈≈~...#.
.#...~≈≈'>..##+###'##A..'≈≈~)..#.
.#...~≈≈'...'.......'...'≈≈≈...#.
.#...~≈≈#'###.#####.###+#≈~~...#.
.#...~≈≈≈≈'...#...#...#≈≈≈~....#.
.#...~≈≈≈≈#.###...'.⌠.'≈~~..⌠..#.
.#...~~~≈≈#.###.@.'.⌠.'~≈~..⌠..#.
##...~≈≈≈≈'...#...#...#≈≈~~....#.
##...≈≈≈#'###.#####.#'#'#≈≈~...#.
.....≈≈≈'...#.......#...'≈≈~.....
.#...~≈≈'...##+###'##...'≈≈~...#.
.#...≈≈≈#'#+#≈≈≈≈≈≈≈#+#'#≈≈~...#.
.#...~≈≈≈≈≈≈≈≈≈≈≈≈≈≈≈≈≈≈≈≈≈~...##
.#...~≈≈≈≈≈≈≈≈≈≈≈≈≈≈≈≈≈≈≈≈≈≈...#
.....~~~~~~~≈≈~~~≈~~~~~~~~~~...#


There were no monsters in sight!

Vanquished Creatures
  9 dread liches
  The ghost of Sebriys the Wrestler, a legendary TrBe of Trog (Zot:5)
  10 orbs of fire
  6 ancient liches
  Sojobo (Depths:2)
  The ghost of Anon1729 the Slayer, a veteran MiMo of Lugonu (Zot:5)
  2 pandemonium lords
  5 Killer Klowns
  Parghit (Zot:4)
  Frederick (Vaults:3)
  Xtahua (Vaults:4)
  Saint Roka (Vaults:2)
  Margery (Vaults:5)
  2 curse toes (Zot:3)
  7 caustic shrikes
  Norris (Vaults:2)
  15 golden dragons
  Arachne (Spider:2)
  7 electric golems
  A hellephant (Depths:2)
  16 tentacled monstrosities
  5 liches
  25 Orb Guardians (Zot:5)
  A walking crystal tome (Depths:3)
  Asterion (Depths:2)
  A walking earthen tome (Depths:3)
  2 deep elf blademasters (Elf:3)
  8 quicksilver dragons
  2 deep elf master archers (Elf:3)
  6 titans
  A walking frostbound tome (Depths:3)
  A kraken (Shoals:4)
  The ghost of Laidat the Bringer of Life, an adept HuWn of Elyvilon (Shoals:2)
  5 sphinxes
  8 death cobs
  An ancient champion (Crypt:1)
  12 tengu reavers
  Kirke (D:15)
  Aizul (Spider:2)
  Donald (Elf:3)
  Agnes (D:15)
  15 shadow dragons
  14 storm dragons
  3 revenants (Crypt:1)
  6 draconian monks
  A demonspawn warmonger (D:9)
  A rockslime (Slime:1)
  3 draconian scorchers
  A balrug (D:14)
  6 fire giants
  10 frost giants
  An iron dragon (Vaults:5)
  4 deep elf sorcerers
  4 draconian knights
  10 ghost moths
  3 emperor scorpions
  3 draconian stormcallers
  A juggernaut zombie (Crypt:1)
  18 vault wardens
  The ghost of Suoweyxo the Swashbuckler, an adept KoBr of Ru (Elf:3)
  4 ghouls
  A spriggan defender (Depths:4)
  A cacodemon (D:14)
  3 orc warlords
  3 deep elf elementalists (Elf:3)
  9 draconian annihilators
  4 curse skulls (Crypt:1)
  5 draconian shifters
  3 broodmothers
  20 ironbound preservers
  A demonspawn corrupter (Zot:1)
  7 very ugly things
  11 ironbound thunderhulks
  A quicksilver ooze (Slime:1)
  3 formless jellyfish
  A juggernaut skeleton (Depths:2)
  A war gargoyle (Vaults:5)
  18 green draconians
  6 stone giants
  6 vampire knights
  6 deep elf demonologists (Elf:3)
  8 purple draconians
  10 yellow draconians
  8 black draconians
  8 deep elf annihilators
  10 red draconians
  A dire elephant (Vaults:1)
  6 white draconians
  4 spark wasps
  A blizzard demon (D:8)
  4 fire dragons
  2 eidola (Crypt:1)
  Snorg (D:13)
  6 deep elf death magi
  8 jiangshi
  16 yaktaur captains
  4 merfolk javelineers (Shoals:4)
  15 ettins
  8 merfolk impalers
  Josephine (Orc:2)
  2 deep elf high priests
  6 entropy weavers
  9 great orbs of eyes
  A quicksilver dragon skeleton (Depths:2)
  33 vault guards
  4 radroaches
  10 ice dragons
  A peacekeeper (Vaults:4)
  A rakshasa (D:3)
  2 catoblepae
  3 ogre magi
  3 salamander tyrants
  A jorogumo (Spider:4)
  4 hydras
  Harold (D:10)
  6 ironbound frosthearts
  29 centaur warriors
  2 merfolk avatars (Shoals:3)
  6 spriggan air magi
  3 alligator snapping turtles
  5 merfolk aquamancers
  27 dancing weapons
  12 two-headed ogres
  A death knight (Vaults:3)
  2 deep troll shamans (Depths:2)
  10 boulder beetles
  6 deep troll earth magi
  2 orc high priests
  2 satyrs
  16 death yaks
  9 tengu warriors
  10 spriggan berserkers
  5 demonic crawlers
  6 vampire magi
  A titan zombie (Depths:2)
  8 spriggans
  5 skysharks
  3 sun demons
  23 deep elf knights
  A salamander mystic (Depths:4)
  2 shadow wraiths
  10 hell knights
  2 sun moths (Spider:2)
  A storm dragon skeleton (Depths:2)
  A fire crab (Shoals:3)
  2 iron trolls
  A deep troll (shapeshifter) (Vaults:5)
  4 skeletal warriors (D:15)
  A sixfirhy (D:14)
  7 pharaoh ants
  5 sea snakes
  2 spark wasp zombies (Depths:3)
  54 deep trolls
  3 orb spiders (Spider:1)
  A bog body (Crypt:1)
  5 flayed ghosts
  3 glowing orange brains
  A swamp dragon (shapeshifter) (Depths:4)
  An orange crystal statue (Depths:2)
  A sphinx zombie (Depths:2)
  26 ironbound convokers
  6 steelbarb worms
  18 deep elf archers
  25 harpies
  12 necromancers
  An iron dragon zombie (Depths:3)
  8 lindwurms
  5 phantasmal warriors
  7 wizards
  10 orc knights
  A human zombie (Vaults:2)
  39 deep elf pyromancers
  28 deep elf zephyrmancers
  19 wolf spiders
  8 cyclopes
  29 ugly things
  6 salamanders (Depths:4)
  3 shining eyes (Slime:1)
  A tengu skeleton (Depths:2)
  33 moths of wrath
  2 orc sorcerers
  20 manticores
  28 fauns
  2 centaur zombies (D:14)
  6 black mambas
  A shock serpent zombie (Crypt:1)
  A rust devil (Depths:3)
  14 elephants
  4 merfolk sirens
  3 eyes of devastation (Slime:1)
  A black mamba (shapeshifter) (D:14)
  11 vault sentinels
  3 water nymphs
  An orange demon (D:9)
  An ice statue (IceCv)
  5 gargoyles
  10 torpor snails
  18 cane toads
  2 unseen horrors
  An ice devil (Zot:5)
  A kobold demonologist (D:11)
  37 yaktaurs
  11 rime drakes
  10 komodo dragons
  4 freezing wraiths
  6 trolls
  2 tormentors
  2 red devils
  A hellwing (Depths:3)
  8 meliai
  19 polar bears
  A mana viper skeleton (Crypt:1)
  9 hornets
  31 merfolk
  2 tengu simulacra (Depths:2)
  4 wind drakes
  20 tarantellas
  17 blink frogs
  8 snapping turtles
  15 dream sheep
  A meliai zombie (D:14)
  13 culicivoras
  37 jumping spiders
  52 slime creatures
  10 wraiths
  16 water elementals
  A shadow (D:13)
  An elf zombie (Vaults:2)
  2 air elementals (Elf:2)
  A fire bat (shapeshifter) (Elf:1)
  12 wyverns
  An ettin skeleton (Depths:2)
  A hog (shapeshifter) (Vaults:5)
  5 fire bats
  3 fire elementals
  An unseen horror simulacrum (D:9)
  3 steam dragons
  2 hogs (D:15)
  62 yaks
  A redback (shapeshifter) (Depths:3)
  41 redbacks
  4 basilisks
  A neqoxec (Depths:3)
  13 humans
  7 vampire mosquitoes (D:13)
  A chaos spawn (D:8)
  11 wargs
  A human simulacrum (Vaults:2)
  17 water moccasins
  15 hell hounds (Lair:5)
  3 floating eyes
  34 orc warriors
  A sky beast (D:7)
  7 ice beasts
  15 black bears
  A meliai simulacrum (D:14)
  An elephant zombie (Crypt:1)
  An ogre (shapeshifter) (Elf:1)
  A manticore zombie (Crypt:1)
  13 ogres
  14 centaurs
  An ettin simulacrum (Vaults:2)
  39 wolves
  A human skeleton (Vaults:2)
  2 kobold brigands
  A phantom (D:7)
  A yaktaur zombie (Crypt:1)
  19 bullfrogs
  5 scorpions
  2 necrophages (Crypt:1)
  A water moccasin zombie (Crypt:1)
  A gnoll sergeant (Temple)
  2 earth elementals
  8 wights
  3 killer bees (D:10)
  10 electric eels
  3 jellies
  8 howler monkeys
  A wolf zombie (Crypt:1)
  4 hounds
  13 orc priests
  4 hell rats (Lair:3)
  2 iguanas (D:5)
  19 orc wizards
  Natasha (thrice) (D:4 D:3)
  A boggart skeleton (D:14)
  10 gnolls
  7 adders
  4 shadow imps
  3 white imps (D:9)
  2 howler monkey simulacra (D:9)
  An ufetubus (D:9)
  2 worms (D:2)
  A dart slug (D:3)
  69 orcs
  4 ball pythons
  5 endoplasms
  5 giant cockroaches
  4 goblins
  10 hobgoblins
  5 jackals
  16 kobolds
  2 quokkas
  2 bats
  A frilled lizard (D:1)
  5 rats
  4 tentacles (Shoals:4)
2272 creatures vanquished.

Vanquished Creatures (others)
  A dread lich (Crypt:1)
  An ancient lich (Vaults:4)
  A draconian knight (Zot:3)
  A demonic crawler (Spider:3)
  A deep elf knight (Elf:2)
  A deep elf pyromancer (Elf:2)
  2 air elementals (Elf:2)
  A golden eye (Slime:2)
  A human (D:14)
  9 tentacles (Shoals:4)
19 creatures vanquished.

Grand Total: 2291 creatures vanquished

Notes
Turn   | Place    | Note
-------+----------+-------------------------------------------
     0 | D:1      | motkurizz the Ghoul Monk began the quest for the Orb.
     0 | D:1      | Reached XP level 1. HP: 19/19 MP: 0/0
   281 | D:1      | Reached XP level 2. HP: 23/26 MP: 1/1
  1106 | D:2      | Reached skill level 4 in Unarmed Combat
  1106 | D:2      | Reached XP level 3. HP: 21/33 MP: 2/2
  1193 | D:2      | Noticed Sigmund
  1685 | D:3      | Reached XP level 4. HP: 40/40 MP: 1/3
  1766 | D:3      | Found a faded altar of an unknown god.
  2414 | D:4      | Reached skill level 1 in Shields
  2414 | D:4      | Reached XP level 5. HP: 39/46 MP: 4/4
  2419 | D:4      | Noticed a phantom
  2471 | D:4      | Reached skill level 5 in Unarmed Combat
  2675 | D:5      | Entered Level 5 of the Dungeon
  2685 | D:5      | Noticed an ice beast
  3308 | D:4      | Noticed Natasha
  3321 | D:4      | Killed Natasha
  3322 | D:4      | Reached XP level 6. HP: 47/53 MP: 5/5
  3351 | D:4      | Noticed a black bear
  3366 | D:4      | Noticed Natasha
  3379 | D:3      | Killed Natasha
  3689 | D:3      | Noticed Natasha
  3695 | D:3      | Killed Natasha
  3849 | D:5      | Killed an ice beast
  3850 | D:5      | Reached skill level 6 in Unarmed Combat
  3850 | D:5      | Reached skill level 1 in Evocations
  3884 | D:5      | Noticed a black bear
  3914 | D:5      | Killed a black bear
  3915 | D:5      | Reached skill level 5 in Fighting
  3915 | D:5      | Reached XP level 7. HP: 37/61 MP: 6/6
  4086 | D:5      | Reached skill level 7 in Unarmed Combat
  4232 | D:5      | Found a staircase to the Ecumenical Temple.
  4249 | Temple   | Entered the Ecumenical Temple
  4278 | Temple   | Became a worshipper of Warmaster Okawaru
  4278 | Temple   | Reached * piety under Okawaru
  4278 | Temple   | Reached ** piety under Okawaru
  4320 | Temple   | Reached XP level 8. HP: 36/70 MP: 7/7
  4608 | D:5      | Reached skill level 1 in Invocations
  4823 | D:5      | Found a blossoming altar of Fedhas.
  5229 | D:6      | Reached skill level 8 in Unarmed Combat
  5443 | D:6      | Found a radiant altar of Vehumet.
  5968 | D:6      | Identified the +8 war axe of Laywuk {flame, *Corrode rF+
                  | Str+2}
  5973 | D:6      | Reached skill level 9 in Unarmed Combat
  5973 | D:6      | Reached XP level 9. HP: 71/78 MP: 9/9
  6057 | D:6      | Reached *** piety under Okawaru
  6246 | D:6      | Found a sacrificial altar of Ru.
  6246 | D:6      | Found a stormy altar of Qazlal.
  6317 | D:7      | Reached skill level 5 in Shields
  6632 | D:8      | Found a sparkling altar of Nemelex Xobeh.
  6632 | D:8      | Found a hazy altar of Hepliaklqana.
  6633 | D:8      | Found a shimmering altar of Xom.
  6677 | D:8      | Reached skill level 10 in Unarmed Combat
  6984 | D:7      | Reached **** piety under Okawaru
  7974 | D:8      | Reached XP level 10. HP: 88/88 MP: 10/10
  8161 | D:9      | Reached skill level 11 in Unarmed Combat
  9129 | D:9      | Reached ***** piety under Okawaru
  9651 | D:9      | Noticed a two-headed ogre
  9676 | D:9      | Killed a two-headed ogre
  9677 | D:9      | Reached skill level 12 in Unarmed Combat
  9826 | D:9      | Reached XP level 11. HP: 91/97 MP: 13/13
 10097 | D:10     | Entered Level 10 of the Dungeon
 10470 | D:10     | Found Vuul's Distillery.
 10475 | D:10     | Bought a potion of curing for 45 gold pieces
 10475 | D:10     | Bought a potion of heal wounds for 75 gold pieces
 10521 | D:10     | Reached skill level 5 in Invocations
 10527 | D:10     | Noticed a boulder beetle
 10534 | D:10     | Killed a boulder beetle
 10548 | D:10     | Identified the +5 trident of the Eleven Quests {antimagic,
                  | rN+ Int+5}
 10548 | D:10     | Noticed a tengu warrior
 10717 | D:10     | Received a gift from Okawaru
 10718 | D:10     | Reached skill level 13 in Unarmed Combat
 10888 | D:10     | Killed a tengu warrior
 11072 | D:10     | Noticed Harold
 11077 | D:10     | Killed Harold
 11124 | D:10     | Found a staircase to the Orcish Mines.
 11145 | D:10     | Reached skill level 10 in Fighting
 11601 | D:11     | Noticed a two-headed ogre
 11611 | D:11     | Killed a two-headed ogre
 11616 | D:11     | Noticed a cyclops
 11630 | D:11     | Killed a cyclops
 11717 | D:11     | Noticed a manticore
 11893 | D:11     | Reached XP level 12. HP: 93/107 MP: 13/15
 12293 | D:11     | Found a staircase to the Lair.
 12301 | Lair:1   | Entered Level 1 of the Lair of Beasts
 12406 | Lair:1   | Reached skill level 14 in Unarmed Combat
 12414 | Lair:1   | Found a shimmering blue altar of Sif Muna.
 14134 | Lair:2   | Received a gift from Okawaru
 14222 | Lair:2   | Found a blossoming altar of Fedhas.
 14333 | Lair:2   | Found a staircase to the Shoals.
 14427 | Lair:2   | Reached skill level 15 in Unarmed Combat
 14437 | Lair:2   | Reached skill level 5 in Evocations
 15080 | Lair:3   | Noticed a six-headed hydra
 15288 | Lair:3   | Reached XP level 13. HP: 105/116 MP: 17/17
 15715 | Lair:3   | Found a hole to the Spider Nest.
 15845 | Lair:3   | Received a gift from Okawaru
 16099 | Lair:3   | Identified a scroll of acquirement
 16099 | Lair:3   | Acquired the +1 pair of gloves of Hoguirph {rPois Str+3}
 16427 | Lair:4   | Found a frozen archway.
 16446 | Lair:4   | Reached skill level 16 in Unarmed Combat
 16506 | IceCv    | Entered an ice cave
 17258 | IceCv    | Noticed a frost giant
 17295 | IceCv    | Killed a frost giant
 17296 | IceCv    | Reached skill level 10 in Shields
 17396 | IceCv    | Reached skill level 17 in Unarmed Combat
 17396 | IceCv    | Reached XP level 14. HP: 127/127 MP: 19/19
 17707 | Lair:4   | Reached ****** piety under Okawaru
 17774 | Lair:4   | Identified the +0 crystal plate armour of Hide-and-Seek
                  | {rElec Will+ SInv Stlth-} (Okawaru gifted it to you on
                  | level 4 of the Lair of Beasts)
 17774 | Lair:4   | Received a gift from Okawaru
 18377 | Lair:5   | Entered Level 5 of the Lair of Beasts
 18614 | Lair:5   | Reached skill level 1 in Armour
 18999 | Lair:5   | Reached skill level 18 in Unarmed Combat
 19347 | Lair:5   | Identified the +0 chain mail of the Good {rC+ Str-3 Int+3
                  | Dex+3}
 19359 | Lair:5   | Identified the +1 ring mail of Leapfrog {Harm Str-2 Dex+5}
                  | (Okawaru gifted it to you on level 5 of the Lair of Beasts)
 19359 | Lair:5   | Received a gift from Okawaru
 19452 | Lair:5   | Reached skill level 5 in Armour
 19742 | Lair:5   | Reached XP level 15. HP: 105/135 MP: 20/20
 20068 | Lair:5   | Found a runed translucent door.
 20071 | Lair:5   | Found a staircase to the Slime Pits.
 20998 | Lair:5   | Identified the staff "Soph" {rPois rF+ rN+ Will- Int+3
                  | Necro}
 21053 | Lair:5   | Identified the +7 ring mail of Syndicalism {rC+ Str+2
                  | Dex+2} (Okawaru gifted it to you on level 5 of the Lair of
                  | Beasts)
 21053 | Lair:5   | Received a gift from Okawaru
 21729 | Orc:1    | Entered Level 1 of the Orcish Mines
 21813 | Orc:2    | Entered Level 2 of the Orcish Mines
 21813 | Orc:2    | Noticed an orc warlord
 21813 | Orc:2    | Found a staircase to the Elven Halls.
 21813 | Orc:2    | Found Hugom's Antique Weapon Shop.
 21851 | Orc:1    | Killed an orc warlord
 21852 | Orc:1    | Reached skill level 10 in Armour
 22061 | Orc:2    | Noticed Rupert
 22393 | Orc:2    | Found Ziem's General Store.
 22409 | Orc:2    | Bought a scroll of identify for 22 gold pieces
 22454 | Orc:2    | Noticed Josephine
 22464 | Orc:2    | Killed Josephine
 22579 | Orc:2    | Found Cuosk's Antique Armour Boutique.
 22714 | Orc:2    | Bought an embroidered cloak for 225 gold pieces
 22714 | Orc:2    | Bought an embroidered cloak for 225 gold pieces
 23371 | Orc:2    | Found Zaissut's Jewellery Shoppe.
 23379 | Orc:2    | Bought an amulet of faith for 680 gold pieces
 24811 | D:13     | Noticed Snorg
 24830 | D:13     | Killed Snorg
 24946 | D:13     | Reached XP level 16. HP: 105/144 MP: 21/21
 25192 | D:13     | Found an iron altar of Okawaru.
 25272 | D:14     | Noticed Roxanne
 25613 | D:14     | Identified the +7 longbow "Neupp" {heavy, rPois Str+3}
                  | (Okawaru gifted it to you on level 14 of the Dungeon)
 25613 | D:14     | Received a gift from Okawaru
 25645 | D:14     | Reached skill level 19 in Unarmed Combat
 25663 | D:14     | Found Dozaint's Book Emporium.
 25669 | D:14     | Bought a manual of Unarmed Combat for 960 gold pieces
 26059 | D:14     | Found a gate to the Vaults.
 26218 | D:14     | Found Hinoc's Assorted Antiques.
 26224 | D:14     | Bought a murky ruby potion for 28 gold pieces
 26224 | D:14     | Bought a scroll labelled WEITO JOHO for 32 gold pieces
 26428 | D:14     | Found Rataics's Weapon Shoppe.
 26600 | D:15     | Entered Level 15 of the Dungeon
 26625 | D:15     | Noticed Agnes
 26638 | D:15     | Killed Agnes
 26934 | D:15     | Noticed Kirke
 26959 | D:15     | Killed Kirke
 26959 | D:15     | Received a gift from Okawaru
 27108 | D:15     | Reached skill level 20 in Unarmed Combat
 27284 | D:15     | Found Yxzireax's Armour Emporium.
 27379 | D:15     | Found a staircase to the Depths.
 27453 | D:15     | Identified the +2 war axe of Nuishren {heavy, rC+ rN+}
 27693 | D:15     | Reached skill level 15 in Fighting
 28160 | Spider:1 | Entered Level 1 of the Spider Nest
 28322 | Spider:1 | Reached skill level 21 in Unarmed Combat
 28424 | Spider:1 | Identified the +4 tower shield of Lilacs {Drain rElec rN+
                  | Regen+} (Okawaru gifted it to you on level 1 of the Spider
                  | Nest)
 28424 | Spider:1 | Received a gift from Okawaru
 28709 | Spider:1 | Reached XP level 17. HP: 156/156 MP: 22/22
 29225 | Spider:2 | Noticed Arachne
 29244 | Spider:2 | Killed Arachne
 29245 | Spider:2 | Reached skill level 22 in Unarmed Combat
 29428 | Spider:2 | Noticed Aizul
 29446 | Spider:2 | Killed Aizul
 29901 | Spider:3 | Received a gift from Okawaru
 29907 | Spider:3 | Got the Discursus on Power
 30342 | Spider:3 | Noticed Nikola
 30732 | Spider:3 | Reached skill level 23 in Unarmed Combat
 31068 | Spider:3 | Identified the +1 hat of the Maze {Rampage Regen+ Str-3
                  | Stlth+} (Okawaru gifted it to you on level 3 of the Spider
                  | Nest)
 31068 | Spider:3 | Received a gift from Okawaru
 31404 | Spider:4 | Entered Level 4 of the Spider Nest
 32236 | Spider:4 | Reached XP level 18. HP: 168/168 MP: 0/23
 32242 | Spider:4 | Received a gift from Okawaru
 32870 | Spider:4 | Got a gossamer rune of Zot
 32878 | Spider:4 | Found the -2 hat of the Alchemist {rElec rPois rF+ rC+ rN+
                  | Will+ rMut rCorr}
 32903 | Spider:4 | Identified the +2 pair of gloves of Resilience {Harm rN+
                  | Will- Str+2}
 33719 | Spider:3 | Received a gift from Okawaru
 33954 | Orc:2    | Bought a ring of magical power for 340 gold pieces
 33959 | Orc:2    | Bought a ring of see invisible for 255 gold pieces
 34127 | Vaults:1 | Entered Level 1 of the Vaults
 34708 | Vaults:1 | Reached skill level 10 in Invocations
 34783 | Vaults:1 | Identified the +2 plate armour "Dakul" {rN++ Will+ Str-3
                  | SInv} (Okawaru gifted it to you on level 1 of the Vaults)
 34783 | Vaults:1 | Received a gift from Okawaru
 35328 | Vaults:1 | Reached skill level 5 in Dodging
 35413 | Vaults:1 | Reached XP level 19. HP: 159/179 MP: 25/25
 36141 | Shoals:1 | Entered Level 1 of the Shoals
 36568 | Shoals:1 | Identified the +2 crystal plate armour of Uffolak {rElec}
                  | (Okawaru gifted it to you on level 1 of the Shoals)
 36568 | Shoals:1 | Received a gift from Okawaru
 36989 | Shoals:2 | Got Eleur's Reference Book on the Baleful Serac
 37004 | Shoals:2 | Found a large runed translucent door.
 37005 | Shoals:2 | Found a large runed translucent door.
 37028 | Shoals:2 | Noticed Laidat's ghost (adept HuWn)
 37041 | Shoals:2 | Killed Laidat's ghost
 37418 | Shoals:2 | Reached skill level 1 in Stealth
 38612 | Shoals:4 | Entered Level 4 of the Shoals
 38995 | Shoals:4 | Identified the +4 rapier of Defenestration {flame, rF+++
                  | Str+4 Int-4} (Okawaru gifted it to you on level 4 of the
                  | Shoals)
 38995 | Shoals:4 | Received a gift from Okawaru
 39202 | Shoals:4 | Reached XP level 20. HP: 189/189 MP: 27/27
 39378 | Shoals:4 | Got a barnacled rune of Zot
 39600 | Shoals:4 | Received a gift from Okawaru
 40219 | Depths:1 | Entered Level 1 of the Depths
 40478 | Depths:1 | Found an ancient bone altar of Kikubaaqudgha.
 40508 | Depths:1 | Found the crystal ball of Wucad Mu {*channel}
 40799 | Depths:1 | Found a gateway to Hell.
 40988 | Depths:2 | Found Isoty's Armour Shoppe.
 41007 | Depths:2 | Identified the +2 pair of gloves "Tianwar" {-Cast Rampage
                  | Dex+6} (Okawaru gifted it to you on level 2 of the Depths)
 41007 | Depths:2 | Received a gift from Okawaru
 41039 | Depths:2 | Noticed Sojobo
 41054 | Depths:2 | Killed Sojobo
 41055 | Depths:2 | Reached skill level 5 in Stealth
 41196 | Depths:2 | Found Firapn's Book Shop.
 41213 | Depths:2 | Noticed a hellephant
 41266 | Depths:2 | Reached skill level 15 in Shields
 41277 | Depths:2 | Found Voecryid's Antique Weapon Emporium.
 41284 | Depths:2 | Killed a hellephant
 41488 | Depths:2 | Found a one-way gate leading to the halls of Pandemonium.
 41794 | Depths:2 | Noticed Asterion
 41817 | Depths:2 | Killed Asterion
 41882 | Depths:2 | Identified the +10 plate armour of Greater Demons {rElec
                  | Str+5} (Okawaru gifted it to you on level 2 of the Depths)
 41882 | Depths:2 | Received a gift from Okawaru
 42160 | Depths:2 | Found Sirueb's Antique Weapon Shop.
 42439 | Depths:3 | Found a sacrificial altar of Ru.
 42908 | Depths:3 | Reached XP level 21. HP: 172/198 MP: 26/29
 42912 | Depths:3 | Noticed a caustic shrike
 42916 | Depths:3 | Noticed a caustic shrike
 42918 | Depths:3 | Noticed a caustic shrike
 42932 | Depths:3 | Killed a caustic shrike
 42973 | Depths:3 | Paralysed by a floating eye for 3 turns
 43104 | Depths:3 | Found a one-way gate to the infinite horrors of the Abyss.
 43473 | Depths:3 | Paralysed by a floating eye for 3 turns
 43481 | Depths:3 | Paralysed by a floating eye for 2 turns
 43585 | Depths:3 | Noticed a golden dragon
 43597 | Depths:3 | Killed a caustic shrike
 43597 | Depths:3 | Received a gift from Okawaru
 43597 | Depths:3 | Found the +7 Kryia's mail coat {PotionHeal*2 rC+}
 43601 | Depths:3 | Killed a golden dragon
 43637 | Depths:3 | Killed a caustic shrike
 43816 | Depths:3 | Identified the +9 sling "Tacaxad" {freeze, rPois Str+4}
 43874 | Depths:3 | Found Gocago's Book Boutique.
 43875 | Depths:3 | Found Xogup's Jewellery Shoppe.
 43876 | Depths:3 | Found Ququreun's Book Boutique.
 43945 | Depths:2 | Bought a manual of Shields for 1040 gold pieces
 45176 | Vaults:2 | Noticed Norris
 45197 | Vaults:2 | Killed Norris
 45464 | Vaults:2 | Noticed Saint Roka
 45489 | Vaults:2 | Killed Saint Roka
 45489 | Vaults:2 | Identified the +10 plate armour "Voutit" {Rampage +Blink
                  | rElec Int-5} (Okawaru gifted it to you on level 2 of the
                  | Vaults)
 45489 | Vaults:2 | Received a gift from Okawaru
 45802 | Vaults:2 | You fall into a shaft and drop 2 floors!
 46041 | Vaults:4 | Reached XP level 22. HP: 199/209 MP: 30/30
 46190 | Vaults:3 | Noticed Frederick
 46198 | Vaults:3 | Killed Frederick
 46395 | Vaults:3 | Identified the +6 chain mail "Ytigiaw" {*Corrode rN+++
                  | Stlth+} (Okawaru gifted it to you on level 3 of the Vaults)
 46395 | Vaults:3 | Received a gift from Okawaru
 46408 | Vaults:3 | Reached skill level 15 in Armour
 46837 | Vaults:3 | Found a staircase to the Crypt.
 47636 | Vaults:4 | Found Ymischogog's Weapon Emporium.
 48179 | Vaults:4 | Noticed an ancient lich
 48197 | Vaults:4 | Killed an ancient lich
 48411 | Vaults:4 | Noticed Xtahua
 48424 | Vaults:4 | Killed Xtahua
 48973 | Depths:3 | Received a gift from Okawaru
 49085 | Depths:4 | Entered Level 4 of the Depths
 49212 | Depths:4 | Noticed a caustic shrike
 49225 | Depths:4 | Killed a caustic shrike
 49277 | Depths:4 | Found a one-way gateway to a ziggurat.
 49293 | Depths:4 | Noticed a caustic shrike
 49295 | Depths:4 | Noticed a caustic shrike
 49295 | Depths:4 | Noticed a caustic shrike
 49304 | Depths:4 | Killed a caustic shrike
 49309 | Depths:4 | Killed a caustic shrike
 49313 | Depths:4 | Killed a caustic shrike
 49342 | Depths:4 | Found a gate to the Realm of Zot.
 49376 | Depths:4 | Noticed a golden dragon
 49384 | Depths:4 | Reached XP level 23. HP: 207/217 MP: 31/31
 49388 | Depths:4 | Received a gift from Okawaru
 49394 | Depths:4 | Killed a golden dragon
 49486 | Depths:4 | Received a gift from Okawaru
 49868 | Depths:4 | Found a hide-covered altar of Uskayaw.
 49888 | Depths:4 | Found Iduer's General Store.
 49929 | Depths:4 | Bought a potion of haste for 150 gold pieces
 50656 | Orc:2    | Bought 2 scrolls of enchant armour for 165 gold pieces
 50666 | Elf:1    | Entered Level 1 of the Elven Halls
 50777 | Elf:1    | Received a gift from Okawaru
 50887 | Elf:1    | Received a gift from Okawaru
 50909 | Elf:1    | Got the Volume of Fate
 50935 | Elf:1    | Found Wytaozev's Antique Armour Emporium.
 50952 | Elf:1    | You fall into a shaft and drop 1 floor!
 51191 | Elf:2    | Paralysed by an air elemental for 1 turns
 51240 | Elf:2    | Paralysed by an air elemental for 1 turns
 51279 | Elf:2    | Found a huge runed translucent gate.
 51279 | Elf:2    | Found a huge runed translucent gate.
 51279 | Elf:2    | Found a huge runed translucent gate.
 51279 | Elf:2    | Found a huge runed translucent gate.
 51279 | Elf:2    | Found a huge runed translucent gate.
 51492 | Elf:2    | Received a gift from Okawaru
 51969 | Elf:2    | Received a gift from Okawaru
 52207 | Elf:3    | Entered Level 3 of the Elven Halls
 52208 | Elf:3    | Noticed Suoweyxo's ghost (adept KoBr)
 52209 | Elf:3    | Found a runed translucent door.
 52479 | Elf:3    | Noticed Donald
 52495 | Elf:3    | Killed Donald
 52950 | Elf:3    | Reached XP level 24. HP: 211/228 MP: 31/31
 52992 | Elf:3    | Identified the ring of Jemi {Fly rN+ Will+ rCorr}
 53315 | Elf:3    | Reached skill level 10 in Dodging
 53348 | Elf:3    | Identified the +9 great mace of Imminent Death {flame, Fly
                  | rN+ Int+5}
 53381 | Elf:3    | Identified the +8 orcbow of Lies {heavy, rElec rF+ Int-4
                  | Dex+5}
 53395 | Elf:3    | Identified the +0 pair of boots "Fel Sux" {rPois Int+2}
 53439 | Elf:3    | Identified the +1 flail of Vimuo {heavy, Dex+3}
 53477 | Elf:3    | Identified the +7 orcbow of the Valley of Death {flame,
                  | *Slow rF+ Int+2 Dex+5}
 53522 | Elf:3    | Got the Disquisition on Befouled Mortification
 53610 | Elf:3    | Got the Directory of Venomous Wounds
 53853 | Elf:3    | Killed Suoweyxo's ghost
 54235 | Vaults:5 | Entered Level 5 of the Vaults
 54286 | Vaults:5 | Identified the +6 tower shield "Imax" {Harm Will- Str+2
                  | SInv} (Okawaru gifted it to you on level 5 of the Vaults)
 54286 | Vaults:5 | Received a gift from Okawaru
 54421 | Vaults:5 | Noticed Margery
 54430 | Vaults:5 | Killed Margery
 54513 | Vaults:5 | Noticed a dread lich
 54576 | Vaults:5 | Noticed an ancient lich
 54589 | Vaults:5 | Killed a dread lich
 54602 | Vaults:5 | Killed an ancient lich
 54753 | Vaults:5 | Noticed a dread lich
 54763 | Vaults:5 | Killed a dread lich
 54769 | Vaults:5 | Identified the +1 eveningstar of Greed {freeze, rPois rF+
                  | rCorr} (Okawaru gifted it to you on level 5 of the Vaults)
 54769 | Vaults:5 | Received a gift from Okawaru
 54807 | Vaults:5 | Noticed an ancient lich
 54826 | Vaults:5 | Killed an ancient lich
 55117 | Vaults:5 | Reached XP level 25. HP: 238/238 MP: 32/32
 55294 | Vaults:5 | Received a gift from Okawaru
 55483 | Vaults:5 | Identified the +5 ring mail of Vexation {rC+} (Okawaru
                  | gifted it to you on level 5 of the Vaults)
 55483 | Vaults:5 | Received a gift from Okawaru
 55766 | Vaults:5 | Got a silver rune of Zot
 56689 | Slime:1  | Entered Level 1 of the Pits of Slime
 56795 | Slime:1  | Paralysed by a floating eye for 2 turns
 57231 | Slime:1  | Paralysed by a floating eye for 4 turns
 57702 | Zot:1    | Entered Level 1 of the Realm of Zot
 58204 | Zot:1    | Noticed an orb of fire
 58218 | Zot:1    | Killed an orb of fire
 58219 | Zot:1    | Reached skill level 15 in Invocations
 58818 | Zot:2    | Identified the +3 ring mail "Recub" {Dex+2 Slay+5} (Okawaru
                  | gifted it to you on level 2 of the Realm of Zot)
 58818 | Zot:2    | Received a gift from Okawaru
 58863 | Zot:2    | Reached XP level 26. HP: 184/246 MP: 33/33
 58941 | Zot:2    | Found a transporter.
 58971 | Zot:2    | Found a transporter.
 59083 | Zot:2    | Found a transporter.
 59139 | Zot:2    | Noticed a Killer Klown
 59140 | Zot:2    | Found a transporter.
 59147 | Zot:2    | Killed a Killer Klown
 60296 | Zot:4    | Noticed a Killer Klown
 60311 | Zot:4    | Killed a Killer Klown
 60726 | Zot:4    | Noticed Parghit
 60742 | Zot:4    | Killed Parghit
 60828 | Zot:4    | Noticed a Killer Klown
 60842 | Zot:4    | Killed a Killer Klown
 60842 | Zot:4    | Received a gift from Okawaru
 61084 | Zot:4    | Reached skill level 15 in Dodging
 61529 | Zot:5    | Entered Level 5 of the Realm of Zot
 61530 | Zot:5    | Found a runed translucent gate.
 61530 | Zot:5    | Found a runed translucent gate.
 61530 | Zot:5    | Found a runed translucent gate.
 61553 | Zot:5    | Noticed Anon1729's ghost (veteran MiMo)
 61553 | Zot:5    | Noticed Sebriys's ghost (legendary TrBe)
 61769 | Zot:5    | Found a huge runed gate.
 61769 | Zot:5    | Found a huge runed gate.
 61769 | Zot:5    | Found a huge runed gate.
 61770 | Zot:5    | Found a huge runed gate.
 61770 | Zot:5    | Found a huge runed gate.
 61776 | Zot:5    | Found a huge runed gate.
 61776 | Zot:5    | Found a huge runed gate.
 61776 | Zot:5    | Found a huge runed gate.
 61776 | Zot:5    | Found a huge runed gate.
 61789 | Zot:5    | Found a huge runed gate.
 61795 | Zot:5    | Found a huge runed gate.
 61795 | Zot:5    | Found a huge runed gate.
 61795 | Zot:5    | Found a huge runed gate.
 61795 | Zot:5    | Found a huge runed gate.
 61795 | Zot:5    | Found a huge runed gate.
 61795 | Zot:5    | Found a huge runed gate.
 61796 | Zot:5    | Found a huge runed gate.
 61797 | Zot:5    | Found a huge runed gate.
 61798 | Zot:5    | Found a huge runed gate.
 61806 | Zot:5    | Found a huge runed gate.
 61806 | Zot:5    | Found a huge runed gate.
 61806 | Zot:5    | Found a huge runed gate.
 61806 | Zot:5    | Found a huge runed gate.
 61806 | Zot:5    | Found a huge runed gate.
 61806 | Zot:5    | Found a huge runed gate.
 61807 | Zot:5    | Found a huge runed gate.
 61808 | Zot:5    | Found a huge runed gate.
 61809 | Zot:5    | Found a huge runed gate.
 61939 | Zot:5    | Found a huge runed gate.
 61941 | Zot:5    | Found a huge runed gate.
 61942 | Zot:5    | Found a huge runed gate.
 61943 | Zot:5    | Found a huge runed gate.
 61953 | Zot:5    | Found a huge runed gate.
 61953 | Zot:5    | Found a huge runed gate.
 61953 | Zot:5    | Found a huge runed gate.
 61955 | Zot:5    | Found a huge runed gate.
 62406 | Zot:5    | Killed Sebriys's ghost
 62433 | Zot:5    | Killed Anon1729's ghost
 62813 | Crypt:1  | Entered Level 1 of the Crypt
 63089 | Crypt:1  | Reached XP level 27. HP: 166/223 MP: 34/34
 63224 | Crypt:1  | Found a huge runed gate.
 63224 | Crypt:1  | Found a huge runed gate.
 63224 | Crypt:1  | Found a huge runed gate.
 63224 | Crypt:1  | Found a huge runed gate.
 63224 | Crypt:1  | Found a huge runed gate.
 63224 | Crypt:1  | Found a huge runed gate.
 63224 | Crypt:1  | Found a huge runed gate.
 63224 | Crypt:1  | Found a huge runed gate.
 63225 | Crypt:1  | Found a huge runed gate.
 63225 | Crypt:1  | Found a huge runed gate.
 63232 | Crypt:1  | Found a huge runed gate.
 63232 | Crypt:1  | Found a huge runed gate.
 63232 | Crypt:1  | Found a huge runed gate.
 63232 | Crypt:1  | Found a huge runed gate.
 63232 | Crypt:1  | Found a huge runed gate.
 63232 | Crypt:1  | Found a huge runed gate.
 63233 | Crypt:1  | Found a huge runed gate.
 63245 | Crypt:1  | Found a huge runed gate.
 63245 | Crypt:1  | Found a huge runed gate.
 63254 | Crypt:1  | Found a huge runed gate.
 63254 | Crypt:1  | Found a huge runed gate.
 63254 | Crypt:1  | Found a huge runed gate.
 63254 | Crypt:1  | Found a huge runed gate.
 63254 | Crypt:1  | Found a huge runed gate.
 63255 | Crypt:1  | Found a huge runed gate.
 63256 | Crypt:1  | Found a huge runed gate.
 63257 | Crypt:1  | Found a huge runed gate.
 63258 | Crypt:1  | Found a huge runed gate.
 63268 | Crypt:1  | Found a huge runed gate.
 63268 | Crypt:1  | Found a huge runed gate.
 63268 | Crypt:1  | Found a huge runed gate.
 63268 | Crypt:1  | Found a huge runed gate.
 63268 | Crypt:1  | Found a huge runed gate.
 63269 | Crypt:1  | Found a huge runed gate.
 63270 | Crypt:1  | Found a huge runed gate.
 63271 | Crypt:1  | Found a huge runed gate.
 63430 | Crypt:1  | Identified the scarf of Insecurity {repulsion, Rampage rN++
                  | Dex-2 Stlth+} (Okawaru gifted it to you on level 1 of the
                  | Crypt)
 63430 | Crypt:1  | Received a gift from Okawaru
 63987 | Crypt:1  | Noticed a dread lich
 63987 | Crypt:1  | Noticed a dread lich
 63987 | Crypt:1  | Noticed an ancient lich
 63987 | Crypt:1  | Noticed a dread lich
 63987 | Crypt:1  | Noticed a dread lich
 63988 | Crypt:1  | Noticed an ancient lich
 64004 | Crypt:1  | Killed an ancient lich
 64013 | Crypt:1  | Killed an ancient lich
 64017 | Crypt:1  | Killed a dread lich
 64020 | Crypt:1  | Killed a dread lich
 64033 | Crypt:1  | Killed a dread lich
 64042 | Crypt:1  | Killed a dread lich
 64953 | Zot:5    | Noticed an orb of fire
 64964 | Zot:5    | Killed an orb of fire
 64964 | Zot:5    | Noticed a dread lich
 64967 | Zot:5    | Noticed an ancient lich
 64978 | Zot:5    | Killed a dread lich
 64978 | Zot:5    | Received a gift from Okawaru
 64986 | Zot:5    | Killed an ancient lich
 64999 | Zot:5    | Noticed an orb of fire
 65022 | Zot:5    | Killed an orb of fire
 65060 | Zot:5    | Noticed an orb of fire
 65072 | Zot:5    | Killed an orb of fire
 65073 | Zot:5    | Noticed an ancient lich
 65074 | Zot:5    | Noticed a dread lich
 65085 | Zot:5    | Killed an ancient lich
 65094 | Zot:5    | Killed a dread lich
 65270 | Zot:5    | Upgraded the game from 0.31-a0-466-g98c9adc2b6 to
                  | 0.31-a0-473-g61b50ae490
 65284 | Zot:5    | Noticed an orb of fire
 65294 | Zot:5    | Killed an orb of fire
 65295 | Zot:5    | Noticed an orb of fire
 65304 | Zot:5    | Killed an orb of fire
 65304 | Zot:5    | Received a gift from Okawaru
 65306 | Zot:5    | Noticed an orb of fire
 65316 | Zot:5    | Noticed an orb of fire
 65317 | Zot:5    | Killed an orb of fire
 65337 | Zot:5    | Killed an orb of fire
 65337 | Zot:5    | Received a gift from Okawaru
 65340 | Zot:5    | Noticed an orb of fire
 65344 | Zot:5    | Noticed an orb of fire
 65354 | Zot:5    | Killed an orb of fire
 65369 | Zot:5    | Killed an orb of fire
 65385 | Zot:5    | Noticed a dread lich
 65393 | Zot:5    | Noticed a dread lich
 65400 | Zot:5    | Killed a dread lich
 65404 | Zot:5    | Killed a dread lich
 65925 | Zot:5    | Got the Orb of Zot
 65943 | Zot:5    | Noticed Otitseha the pandemonium lord
 66030 | Zot:5    | Killed Otitseha the pandemonium lord
 66249 | D:12     | Noticed Vuck the pandemonium lord
 66258 | D:12     | Killed Vuck the pandemonium lord
 66316 | D:9      | Noticed Ment the pandemonium lord
 66523 | D:$      | Escaped with the Orb!

Illustrated notes

Levels and vault maps discovered:
D:1:      dpeg_arrival_castle, layout_basic
D:2:      layout_loops_ring, item_on_display_a, uniq_sigmund
D:3:      layout_basic, nicolae_elyvilon_peaceful_grove,
          ebering_ecumenical_altar_abandoned, kennysheep_generic_room_2
D:4:      layout_cave_pools, grunt_ministairs_14, uniq_natasha
D:5:      layout_basic, fedhas_altar_4, minmay_temple_entry_crystal_x,
          serial_glass, glass_columns_a, glass_columns_a
D:6:      layout_basic, old_standard_altar, gammafunk_temple_overflow_wave
D:7:      layout_gridville, chequers_big_river
D:8:      layout_basic, chequers_temple_overflow_statue_of_worship,
          serial_park_tiny_2
D:9:      layout_irregular_city, serial_ice, serial_ice_i, serial_ice_c,
          serial_ice_g, serial_ice_h, serial_ice_f, serial_ice_d,
          nicolae_elevator_lobby_plus
D:10:     layout_roguey, orc_0_dummy, serial_shops, shop, minmay_fountain_box,
          minmay_radiant, uniq_harold
D:11:     statuecave_lemuel, layout_stronghold, lair_entry_dummy
D:12:     layout_basic
D:13:     layout_rooms, okawaru_altar_gauntlet_db, uniq_snorg
D:14:     layout_irregular_city, ximxim_vaults_locker_room, serial_shops, shop,
          kennysheep_mini, nicolae_book_shop_shelving, good_gods_temple_1,
          hangedman_weighted_door, uniq_roxanne
D:15:     grunt_enter_depths_snipers, layout_irregular_city, serial_shops, shop,
          hangedman_decor_diamond_cutter, amethyst_killhole,
          lemuel_flame_loot_1, uniq_kirke, uniq_agnes
Temple:   minmay_temple_curvy_branch
Lair:1:   layout_roguey, basic_altar
Lair:2:   wad_woods_stonehenge, layout_loops_ring, elwin_shoals_entry_rocks,
          serial_bayou_pond_e
Lair:3:   layout_chaotic_city, dummy_spider_entry, serial_bayou_pond_b,
          grunt_megastairs_3
Lair:4:   layout_roguey, portal_ice_cave_entry_pillars_1,
          nicolae_quartered_pool_little, chequers_serial_rivers_micro_d,
          grunt_megastairs_1
Lair:5:   hangedman_lair_caniforms_friends, layout_regular_city,
          hangedman_lair_in_review, slime_entry_2, pdpol_lair_cavern_descent,
          serial_bayou_shore_a, serial_bayou_shore_b, lemuel_fruit_fields,
          infiniplex_staircase_pool_2
Shoals:1: layout_shoals, nicolae_shoals_the_drawing_of_the_three
Shoals:2: layout_shoals, ebering_ghost_disaster_area
Shoals:3: layout_shoals, hangedman_shoal_volcano
Shoals:4: shoals_end_grunt_garden, layout_shoals
Spider:1: layout_spider_delve
Spider:2: layout_spider_delve, uniq_aizul, uniq_arachne
Spider:3: layout_cave_pods, uniq_nikola
Spider:4: hellmonk_spider_rune_bug_friends
Slime:1:  layout_caves, nicolae_slime_getting_an_eyeful
Slime:2:  layout_caves
Orc:1:    layout_diamond_mine
Orc:2:    grunt_orc_gardens, layout_caves, grunt_orc_garden, grunt_orc_garden,
          grunt_orc_garden, grunt_orc_garden, bh_open_orc_temple, uniq_rupert,
          uniq_josephine
Elf:1:    minmay_elf_arrival_plus, layout_gridlike, serial_shops, shop,
          minmay_elf_annihilation, nicolae_elf_shapeshifter_party
Elf:2:    elven_hall_of_blades_hangedman_alternative
          [nicolae_blade_entry_sentries_behind_glass], layout_geoelf_octagon,
          dk_noncrumbling_4, st_stairs_7
Elf:3:    grunt_elf_hall_branching, layout_loops_corners,
          ebering_ghost_reflecting_pool, serial_glass, glass_columns_b,
          glass_columns_a, grunt_ministairs_7, uniq_donald
Vaults:1: v_rooms_4, v_alt_pattern_5, v_misc_3,
          vaults_room_grunt_arrival_ludios, nicolae_vaults_network_s,
          grunt_vaults_focal, hangedman_vaults_slice,
          nicolae_vaults_trapezoid_2, st_lines, nicolae_vaults_tetromino_T_1,
          nicolae_vaults_tetromino_L_2, vaults_room_semicircle,
          grunt_vaults_hallway_short, nicolae_vaults_tetromino_L_2,
          layout_vaults_omnibox
Vaults:2: nicolae_vaults_diamond_1, hangedman_vaults_corner_blocks,
          ontoclasm_vaults_idyll, hangedman_vaults_slice, v_misc_33,
          nicolae_vaults_diamond_1, layout_vaults_omnigrid, uniq_saint_roka,
          uniq_norris
Vaults:3: nicolae_vaults_closet_pinwheel_3, nicolae_vaults_rhombus_6,
          nicolae_vaults_little_squares_1, nicolae_vaults_stairing_the_circle,
          v_misc_24, nicolae_vaults_wine_cellar,
          minmay_crypt_entry_simple_corners, nicolae_vaults_six-pack, v_misc_30,
          nicolae_vaults_diamond_2, hangedman_vaults_stretched_pinwheel,
          layout_vaults_maze_snakey, uniq_frederick
Vaults:4: hangedman_vaults_stretched_pinwheel, hangedman_vaults_trim,
          nicolae_vaults_trapezoid_2, nicolae_vaults_storage_closets_2,
          ontoclasm_vaults_gallery, ontoclasm_vaults_ring_small,
          nicolae_vaults_offset_grid_hallway_4, ontoclasm_vaults_misaligned,
          nicolae_vaults_tetromino_L_2, nicolae_vaults_taking_the_gang_shopping,
          nicolae_vaults_house_1, nicolae_vaults_house_1,
          nicolae_vaults_trapezoid_lopsided_1, layout_vaults_chaotic_city,
          uniq_xtahua
Vaults:5: serial_shops, uniq_margery
Crypt:1:  layout_chaotic_city, st_stairs_11, door_vault,
          roderic_lattice_octagonal_star
Depths:1: layout_cave_pools, pf_vacation_house_of_asmodeus, drop_trap,
          kiku_gazebo_garden_becter
Depths:2: minmay_firetagon, layout_small_grid, grunt_hell_entry_dis_old,
          rand_demon_pan_entry_1, serial_sigils_hangedman_etch, serial_shops,
          shop, shop, nicolae_lakefront_shop, shop, minivault_16,
          library_closet, minmay_staircase_bubble, uniq_josephina, uniq_sojobo,
          uniq_asterion
Depths:3: nicolae_fronds_of_death, layout_gridlike, nicolae_ru_awakened_eye,
          rand_demon_pan_entry_4, abyss_entry, hell_entry, minmay_shop_grove
Depths:4: grunt_zot_entry_tricorne, layout_basic, enter_ziggurat_c,
          nicolae_uskayaw_suspiria, pan_entry, serial_shops,
          nicolae_shop_statue_plus, pf_hell_entry_tar_spiral
Zot:1:    layout_onion_interference, lemuel_lake_of_fire
Zot:2:    layout_onion_interference, nicolae_transporter_intersection,
          grunt_megastairs_2
Zot:3:    layout_misc_corridors, grunt_ministairs_6
Zot:4:    kennysheep_blocky_room, layout_gridlike, st_stairs_12, evilmike_ambush
          [evilmike_ambush_outer_corners, evilmike_ambush_inner_basic],
          uniq_parghit
Zot:5:    layout_gridlike, gammafunk_ghost_cemetery, door_vault

Skill      XL: |  1  2  3  4  5  6  7  8  9 10 11 12 13 14 15 16 17 18 19 20 21 22 23 24 25 26 27 |
---------------+----------------------------------------------------------------------------------+-----
Dodging        | 3 5 6 7 9 11 13 15 19 | 19.8
Unarmed Combat | 4 5 6 7 9 10 12 13 15 17 18 21 23 | 23.3
Fighting       | 4 5 6 8 9 10 11 12 13 15 16 17 18 19 20 21 22 | 22.0
Shields        | 1 2 3 4 5 6 8 10 11 12 13 14 15 18 20 21 22 | 22.0
Evocations     | 1 3 5 7 8 |  8.0
Invocations    | 2 4 5 7 8 10 11 12 13 15 16 | 16.6
Armour         | 7 10 11 12 13 14 16 17 19 20 22 | 22.0
Stealth        | 3 6 |  6.0

Action                     |  1- 3 |  4- 6 |  7- 9 | 10-12 | 13-15 | 16-18 | 19-21 | 22-24 | 25-27 || total
---------------------------+-------+-------+-------+-------+-------+-------+-------+-------+-------++-------
  Melee: Unarmed           |    99 |   150 |   297 |   625 |  1554 |  1712 |  2023 |  1783 |  2086 || 10329
  Throw: Boomerang         |       |     2 |     2 |     2 |       |       |       |       |       ||     6
         Dart              |       |     4 |    33 |    12 |    19 |       |     2 |       |       ||    70
 Invoke: Heroism           |       |       |     1 |    10 |     2 |    11 |    17 |    14 |    18 ||    73
         Finesse           |       |       |       |     1 |     2 |     1 |     4 |     3 |     6 ||    17
  Evoke: Wand              |       |     1 |    11 |    17 |    13 |     6 |     8 |     1 |     7 ||    64
         Tin of tremorston |       |       |       |       |       |       |     2 |       |       ||     2
         Lightning rod     |       |       |       |       |       |       |       |       |     4 ||     4
    Use: Scroll            |       |     8 |       |     2 |    14 |     8 |     9 |     8 |    16 ||    65
         Potion            |       |       |     3 |       |     1 |     2 |     5 |     2 |     9 ||    22
   Stab: Invisible         |       |       |       |     1 |     5 |     4 |     2 |     7 |     3 ||    22
         Petrified         |       |       |       |       |     1 |       |       |       |       ||     1
         Distracted        |       |       |       |       |       |     1 |       |       |       ||     1
 Armour: Leather armour    |    10 |       |       |       |       |       |       |       |       ||    10
         Ring mail         |       |    25 |     5 |       |       |       |       |       |       ||    30
         Chain mail        |       |       |    75 |   129 |       |       |       |       |       ||   204
         Crystal plate arm |       |       |       |    32 |   585 |   781 |   484 |   254 |   443 ||  2579
         Plate armour      |       |       |       |       |       |       |   180 |   145 |       ||   325
         Gold dragon scale |       |       |       |       |       |       |       |       |    43 ||    43
  Dodge: Dodged            |    38 |    46 |    72 |   121 |   361 |   474 |   500 |   240 |   360 ||  2212
         Repelled          |       |       |       |       |       |     2 |    11 |    24 |    26 ||    63
  Block: Kite shield       |     9 |    81 |   144 |   259 |   790 |   939 |    16 |       |       ||  2238
         Tower shield      |       |       |       |       |       |       |  1815 |  1308 |  1543 ||  4666

Table legend: (Time is in decaauts)
 A = Elapsed time spent in this place.
 B = Non-inter-level travel time spent in this place.
 C = Inter-level travel time spent in this place.
 D = Time resting spent in this place.
 E = Time spent auto-exploring this place.
 F = Levels seen in this place.
 G = Mean time per level.
                   A        B        C        D        E       F      G
               +--------+--------+--------+--------+--------+-----+--------+
         Total |  63363 |  56604 |   6759 |   4234 |  34748 |  52 | 1218.5 |
       Dungeon |  18632 |  15870 |   2762 |   1174 |   9493 |  15 | 1242.1 |
        Temple |    172 |    125 |     47 |     29 |      0 |   1 |  172.0 |
          Lair |   8225 |   7413 |    812 |    389 |   4945 |   5 | 1645.0 |
        Shoals |   3890 |   3660 |    230 |     77 |   2338 |   4 |  972.5 |
   Spider Nest |   5350 |   5178 |    172 |    923 |   2963 |   4 | 1337.5 |
    Slime Pits |    668 |    614 |     54 |     44 |    436 |   2 |  334.0 |
  Orcish Mines |   2012 |   1839 |    173 |    321 |    923 |   2 | 1006.0 |
   Elven Halls |   2973 |   2819 |    154 |    132 |   1779 |   3 |  991.0 |
        Vaults |   8186 |   7092 |   1094 |    631 |   4021 |   5 | 1637.2 |
         Crypt |   1376 |   1342 |     34 |      0 |    968 |   1 | 1376.0 |
        Depths |   5245 |   4481 |    764 |    218 |   3051 |   4 | 1311.2 |
           Zot |   5634 |   5175 |    459 |    287 |   3205 |   5 | 1126.8 |
      Ice Cave |    995 |    995 |      0 |      7 |    625 |   1 |  995.0 |
               +--------+--------+--------+--------+--------+-----+--------+

Top non-repeatable levels by time:
  Lair:5: 2785 daAuts
Vaults:1: 2389 daAuts
    D:14: 2054 daAuts
   Zot:5: 2049 daAuts
Spider:4: 1997 daAuts
Depths:3: 1806 daAuts
    D:15: 1671 daAuts
Vaults:5: 1660 daAuts
  Lair:1: 1613 daAuts
   Elf:3: 1578 daAuts
     D:3: 1545 daAuts
     D:9: 1500 daAuts
Vaults:4: 1478 daAuts
  Lair:2: 1468 daAuts
Vaults:2: 1430 daAuts
